[Event "*** Titled Tuesday Blitz"]
[Site "Chess.com"]
[Date "2020.12.01"]
[Round "6"]
[White "MarcoRiehle"]
[Black "Kretov_Evgenij"]
[Result "1-0"]
[WhiteElo "2676"]
[BlackElo "2489"]
[TimeControl "180+1"]
[EndTime "11:02:38 PST"]
[Termination "MarcoRiehle won by resignation"]

1. e4 c5 2. a3 d5 3. exd5 Qxd5 4. Nc3 Qd6 5. Nf3 Nf6 6. d4 cxd4 7. Qxd4 Qxd4 8.
Nxd4 a6 9. Bf4 Bd7 10. O-O-O Nc6 11. Be2 e6 12. Bf3 Rc8 13. Na4 Nxd4 14. Rxd4 Bc6 15. Nb6 Bc5 16. Nxc8 Bxd4 17. Nd6+ Ke7 18. Nxb7 Bxf3 19.
gxf3 Bxf2 20. Bd6+ Kd7 21. Rd1 Nd5 22. Bc5 Bxc5 23.
Nxc5+ Kc6 24. Nxa6 Kb5 25. Nb4 Nxb4 26. axb4 Kxb4 27.
Rd7 Rf8 28. Kd2 g5 29. c3+ Kc4 30. Ra7 h5 31. Ra5 f6 32. Kc2 Rb8 33. b3+ Rxb3 34. Ra4+ Kb5 35. Kxb3 1-0

[Event "*** Titled Tuesday Blitz"]
[Site "Chess.com"]
[Date "2020.12.01"]
[Round "6"]
[White "ZenBull"]
[Black "Zorbos"]
[Result "1-0"]
[WhiteElo "2216"]
[BlackElo "2520"]
[TimeControl "180+1"]
[EndTime "11:02:39 PST"]
[Termination "ZenBull won by resignation"]

1. Nf3 c5 2. c4 Nc6 3. Nc3 g6 4. g3 Bg7 5. Bg2 e6 6. O-O Nge7 7. b3 d5 8. cxd5 exd5 9. Bb2 d4 10. Nb1 O-O 11. e3 Bf5 12. exd4 cxd4 13. Na3 Bd3 14. Re1 Rc8 15. Nc4 Nb4 16. Ba3 Ned5 17. Nfe5 Re8 18. Nxd3 Nxd3 19. Rxe8+ Qxe8 20. Bxd5 Qb5 21. Bg2 Rd8 22. Qf3 Ne5 23. Nxe5 Bxe5 24. Qxb7 Qe2 25. Qe4 1-0

[Event "*** Titled Tuesday Blitz"]
[Site "Chess.com"]
[Date "2020.12.01"]
[Round "6"]
[White "LionTheLeon_06"]
[Black "Andreikka"]
[Result "0-1"]
[WhiteElo "2632"]
[BlackElo "2872"]
[TimeControl "180+1"]
[EndTime "11:02:40 PST"]
[Termination "Andreikka won by resignation"]

1. d4 d5 2. c4 c6 3. Nf3 Nf6 4. Qc2 e6 5. Bg5 Nbd7 6. e3 h6 7. Bh4 g5 8. Bg3 Nh5 9. Nc3 Nxg3 10. hxg3 Bg7 11. O-O-O Qe7 12. e4 dxc4 13. Bxc4 b5 14. Bd3 Bb7 15. e5 c5 16. Nxb5 O-O 17. Nd6 cxd4 18. Bh7+ Kh8 19. Be4 Rac8 20. Nxc8 Rxc8 21. Bxb7 Rxc2+ 22. Kxc2 d3+ 23. Kb1 Qb4 24. Ba6 Nxe5 25. Nxg5 Nc4 0-1

[Event "*** Titled Tuesday Blitz"]
[Site "Chess.com"]
[Date "2020.12.01"]
[Round "6"]
[White "tolimachess"]
[Black "Bwert2602"]
[Result "1/2-1/2"]
[WhiteElo "2478"]
[BlackElo "2214"]
[TimeControl "180+1"]
[EndTime "11:02:43 PST"]
[Termination "Game drawn by repetition"]

1. e4 c5 2. Nf3 Nc6 3. Bb5 e5 4. O-O d6 5. c3 Bd7 6. d4 cxd4 7. cxd4 Nf6 8. Nc3 Nxd4 9. Nxd4 exd4 10. Qxd4 Bxb5 11.
Nxb5 a6 12. Nc3 h6 13. Bf4 Be7 14. Rad1 Qa5 15. Bxd6 Rd8 16. e5 Bxd6 17. exd6 O-O 18. Rfe1 Rd7 19. Re7 Rfd8 20. Rxd7 Rxd7 21. b4 Qa3 22. h3 Qb2 23. Nd5 Qxd4 24. Rxd4 Ne8 25. Ne7+ Kf8 26. Nc8 Rd8 27. d7 Nf6 28. Nb6 Ke7 29.
Nc8+ Kf8 30. Nb6 Ke7 31. Nc8+ Kf8 1/2-1/2

[Event "*** Titled Tuesday Blitz"]
[Site "Chess.com"]
[Date "2020.12.01"]
[Round "6"]
[White "FearNoEvil12"]
[Black "Panterov"]
[Result "1-0"]
[WhiteElo "2166"]
[BlackElo "2269"]
[TimeControl "180+1"]
[EndTime "11:02:44 PST"]
[Termination "FearNoEvil12 won by resignation"]

1. e4 e6 2. d4 d5 3. Nc3 Bb4 4.
Qd3 Nf6 5. e5 Ne4 6. a3 Bxc3+ 7.
bxc3 c5 8. Qe3 cxd4 9. cxd4 Qa5+ 10. Bd2 Nxd2 11. Qxd2 Qb6 12. c3 Nc6 13. Nf3 O-O 14. Bd3 f5 15. exf6 Rxf6 16. h4 Bd7 17. O-O Raf8 18.
Ng5 g6 19. Nxh7 Kxh7 20. h5 Kg7 21. hxg6 e5 22. dxe5 Nxe5 23. Bc2 Ng4 24. Qxd5 Bc6 25. Qh5 Nh6 26. Qe5 Re8 27. Qg3 Re2 28. Bd3 Rd2 29. Rae1 Qc5 30. Qc7+ Kg8 31. Qh7+ 1-0

[Event "*** Titled Tuesday Blitz"]
[Site "Chess.com"]
[Date "2020.12.01"]
[Round "6"]
[White "Malev212"]
[Black "frederiksvane"]
[Result "1-0"]
[WhiteElo "2567"]
[BlackElo "2704"]
[TimeControl "180+1"]
[EndTime "11:02:48 PST"]
[Termination "Malev212 won by resignation"]

1. e4 c5 2. Nf3 d6 3. d4 cxd4 4. Nxd4 Nf6 5. Nc3 Nc6 6. Bc4 e6 7. Be3 Be7 8. Qe2 O-O 9. O-O-O Bd7 10. Bb3 a6 11. f4 Qc7 12. g4 Nxd4 13. Rxd4 e5 14.
Rc4 Qa5 15. g5 Ng4 16. Nd5 Bd8 17. Bd2 Qb5 18. a4 Qxc4 19. Bxc4 exf4 20. Bxf4 Ne5 21.
Bb3 b5 22. axb5 Bxb5 23. Qg2 a5 24. h4 a4 25. Ba2 Rc8 26. Kb1 Re8 27. h5 Bc4 28. Nf6+ 1-0

[Event "*** Titled Tuesday Blitz"]
[Site "Chess.com"]
[Date "2020.12.01"]
[Round "6"]
[White "csati17"]
[Black "Aleksandar-Topalov"]
[Result "1-0"]
[WhiteElo "2598"]
[BlackElo "2422"]
[TimeControl "180+1"]
[EndTime "11:02:49 PST"]
[Termination "csati17 won by resignation"]

1. c4 Nf6 2. Nc3 c5 3. g3 Nc6 4. Bg2 g6 5. e4 Bg7 6. Nge2 O-O 7. O-O d6 8. d3 a6 9. Rb1 Rb8 10. a3 b5 11. cxb5 axb5 12. b4 cxb4 13. axb4 Bd7 14. h3 e5 15. Be3 Ne8 16. Nd5 f5 17. Qd2 Nd4 18. Nxd4 exd4 19. Bg5 Nf6 20. Rbc1 Be6 21. exf5 Bxf5 22. Rfe1 Rf7 23. Qf4 Nxd5 24. Bxd5 Be5 25. Qh4 Qf8 26. f4 1-0

[Event "*** Titled Tuesday Blitz"]
[Site "Chess.com"]
[Date "2020.12.01"]
[Round "6"]
[White "maximnovik"]
[Black "sopo-tereladze"]
[Result "1-0"]
[WhiteElo "2557"]
[BlackElo "2306"]
[TimeControl "180+1"]
[EndTime "11:02:58 PST"]
[Termination "maximnovik won on time"]

1. d4 Nf6 2. Bg5 e6 3. c3 Be7 4. Nd2 O-O 5. e4 d5 6. e5 Nfd7 7. Bxe7 Qxe7 8. Ngf3 f5 9. Bd3 c5 10. O-O Nc6 11. a3 b6 12. b4 Bb7 13. Qe2 c4 14. Bc2 Qf7 15. Ne1 h6 16. f4 Kh7 17. Kh1 g6 18. g3 Ne7 19. Ng2 Rg8 20. Ne3 Rg7 21. a4 a6 22. Rg1 Rag8 23. Rg2 g5 24. fxg5 hxg5 25. g4 Kh8 26. gxf5 exf5 27. Nxf5 Nxf5 28. Rf1 Nxd4 29. cxd4 1-0

[Event "*** Titled Tuesday Blitz"]
[Site "Chess.com"]
[Date "2020.12.01"]
[Round "6"]
[White "Euwe1234"]
[Black "FMalexhdez"]
[Result "1-0"]
[WhiteElo "2555"]
[BlackElo "2301"]
[TimeControl "180+1"]
[EndTime "11:02:59 PST"]
[Termination "Euwe1234 won by resignation"]

1. e4 c5 2. Nf3 d6 3. d4 cxd4 4.
Nxd4 Nf6 5. Nc3 a6 6. Bg5 e5 7. Nf3 Be7 8. Bxf6 Bxf6 9. Nd5 Be6 10. Bc4 Nd7 11. O-O Rc8 12. Bb3 Nc5 13. Re1 Nxb3 14.
axb3 Bg5 15. c4 Bh6 16. Qd3 O-O 17. Rad1 f5 18. Nc3 fxe4 19. Nxe4 Bg4 20. Qxd6 Bxf3 21.
Qxd8 Rfxd8 22. Rxd8+ Rxd8 23. gxf3 Rd3 24. Nc5 Rd2 25.
Nxb7 Rxb2 26. Nc5 Bf4 27. Kg2 a5 28. Ra1 Be3 29. Ne4 Bb6 30. c5 Bc7 31. Rd1 h6 32.
Rd7 1-0

[Event "*** Titled Tuesday Blitz"]
[Site "Chess.com"]
[Date "2020.12.01"]
[Round "6"]
[White "chidori_boruto"]
[Black "ErikRonka"]
[Result "1-0"]
[WhiteElo "2662"]
[BlackElo "2373"]
[TimeControl "180+1"]
[EndTime "11:03:01 PST"]
[Termination "chidori_boruto won on time"]

1. c4 c6 2. Nf3 d5 3. g3 Nf6 4. Bg2 Bg4 5. O-O e6 6. d3 Bc5 7. cxd5 cxd5 8. Ne5 Bh5 9. Qa4+ Nbd7 10. Nc3 O-O 11.
Bf4 d4 12. Nxd7 Nxd7 13. Bxb7 dxc3 14. Bxa8 cxb2 15. Rab1 Bxe2 16. Rfe1 Bxd3 17. Rxb2 Nb6 18. Qa5 Bd4 19. Rd2 Qxa8 20. Rxd3 1-0

[Event "*** Titled Tuesday Blitz"]
[Site "Chess.com"]
[Date "2020.12.01"]
[Round "6"]
[White "djano"]
[Black "Kildepiotr"]
[Result "0-1"]
[WhiteElo "2454"]
[BlackElo "2632"]
[TimeControl "180+1"]
[EndTime "11:03:03 PST"]
[Termination "Kildepiotr won by resignation"]

1. d4 c5 2. c3 Nf6 3. Nf3 d5 4.
Bf4 Nbd7 5. e3 e6 6. Nbd2 Be7 7.
Bd3 O-O 8. Qe2 b6 9. h4 Bb7 10. Ne5 Nxe5 11. Bxe5 Nd7 12. Bxh7+ Kxh7 13. Qh5+ Kg8 14.
Bxg7 Kxg7 15. Rh3 Bd6 16. f4 Rg8 17. Nf3 Nf6 18. Rg3+ Kf8 19. Qh6+ Ke7 20. Ng5 Rg6 21. Nxf7 Rxh6 22. Nxd8 Kxd8 23. Rg7 Ba6 24. g4 Rxh4 25. O-O-O Rxg4 26. Rf7 Be7 27. Rh1 Kd7 28. Rh6 Ne4 29.
Rhh7 Re8 0-1

[Event "*** Titled Tuesday Blitz"]
[Site "Chess.com"]
[Date "2020.12.01"]
[Round "6"]
[White "gochatoria98"]
[Black "lelya96"]
[Result "1-0"]
[WhiteElo "2201"]
[BlackElo "2213"]
[TimeControl "180+1"]
[EndTime "11:03:05 PST"]
[Termination "gochatoria98 won by checkmate"]

1. e4 e5 2. Nf3 Nc6 3. Bc4 Nf6 4. d4 Nxe4 5. dxe5 Bc5 6. Qd5 Bxf2+ 7. Kf1 O-O 8. Qxe4 Bb6 9. Bd3 g6 10. Bg5 Qe8 11.
Bf6 Qe6 12. Qh4 h5 13. Qg5 Nxe5 14. Bxe5 d6 15. Bd4 Re8 16. Nc3 c5 17. Bf6 c4 18.
Bxg6 Be3 19. Bh7+ Kxh7 20. Qg7# 1-0

[Event "*** Titled Tuesday Blitz"]
[Site "Chess.com"]
[Date "2020.12.01"]
[Round "6"]
[White "AlexeiShirov"]
[Black "1977Ivan"]
[Result "1-0"]
[WhiteElo "2854"]
[BlackElo "2673"]
[TimeControl "180+1"]
[EndTime "11:03:09 PST"]
[Termination "AlexeiShirov won by resignation"]

1. e4 c5 2. Nf3 e6 3. d4 cxd4 4. Nxd4 Nc6 5. Nc3 Qc7 6. Be3 a6 7. Qf3 Ne5 8. Qh3 Nf6 9. f4 Ba3 10. fxe5 Bxb2 11. exf6 gxf6 12. Rd1 Bxc3+ 13. Kf2 b5 14.
Qh6 Qe5 15. Nf3 Qxe4 16. Qg7 Qxc2+ 17. Be2 Rf8 18. Rc1 Qb2 19. Bc5 d6 20. Bxd6 Bd4+ 21.
Kg3 1-0

[Event "*** Titled Tuesday Blitz"]
[Site "Chess.com"]
[Date "2020.12.01"]
[Round "6"]
[White "Dreamer_01"]
[Black "ecwinslow"]
[Result "0-1"]
[WhiteElo "2363"]
[BlackElo "2250"]
[TimeControl "180+1"]
[EndTime "11:03:10 PST"]
[Termination "ecwinslow won by resignation"]

1. d3 g6 2. g3 Bg7 3. Bg2 d5 4. Nf3 c5 5. O-O Nc6 6. c4 Nf6 7. Bd2 d4 8. a3 a5 9. Qc1 O-O 10. Bh6 e5 11. Bxg7 Kxg7 12. Nbd2 Bf5 13. h3 Qd7 14. g4 Be6 15. Ng5 h5 16. Nde4 b6 17. Nxf6 Kxf6 18. Nh7+ Kg7 19. Nxf8 Rxf8 20. f4 hxg4 21.
fxe5 Nxe5 22. Qg5 f6 23. Rxf6 Rxf6 24. Qxe5 gxh3 25. Rf1 Qf7 26. Bd5 Bxd5 27. cxd5 Qf8 28. Rf3 Qd6 29. Qg5 Rxf3 30. exf3 h2+ 31. Kh1 Qf6 32.
f4 Qxg5 33. fxg5 Kf7 34. Kxh2 Ke7 35. Kg3 Kd6 36. Kf4 Kxd5 37. b3 b5 0-1

[Event "*** Titled Tuesday Blitz"]
[Site "Chess.com"]
[Date "2020.12.01"]
[Round "6"]
[White "MatyChess1"]
[Black "YIYUKI"]
[Result "1-0"]
[WhiteElo "2562"]
[BlackElo "2348"]
[TimeControl "180+1"]
[EndTime "11:03:11 PST"]
[Termination "MatyChess1 won by resignation"]

1. e4 c6 2. Nf3 d5 3. Nc3 Bg4 4. h3 Bxf3 5. Qxf3 e6 6. Be2 g6 7.
O-O Bg7 8. Rd1 Nd7 9. d4 Ne7 10. Bf4 O-O 11. a4 f5 12. e5 h6 13. h4 a5 14. Qe3 Kh7 15. Bd3 Rg8 16. Ne2 g5 17. hxg5 Ng6 18. gxh6 Nxf4 19. Nxf4 Bxh6 20. Nxe6 Qh4 21.
Bxf5+ Kh8 22. Qh3 Qxh3 23. Bxh3 Rae8 24. Rd3 1-0

[Event "*** Titled Tuesday Blitz"]
[Site "Chess.com"]
[Date "2020.12.01"]
[Round "6"]
[White "MashaFromRussia"]
[Black "Eloist"]
[Result "1-0"]
[WhiteElo "2429"]
[BlackElo "2296"]
[TimeControl "180+1"]
[EndTime "11:03:12 PST"]
[Termination "MashaFromRussia won on time"]

1. d4 e6 2. c4 Nf6 3. g3 d5 4. Nf3 Be7 5. Bg2 O-O 6. O-O Nbd7 7. Qc2 c6 8. Rd1 b6 9. b3 Bb7 10. Nc3 Rc8 11. e4 dxc4 12. bxc4 c5 13. d5 exd5 14. exd5 Bd6 15. Nb5 Bb8 16. Bf4 Bxf4 17. gxf4 a6 18. Nd6 Rb8 19. Ne5 Qc7 20. Nxb7 Qxb7 21. Qf5 Rfe8 22.
d6 Qc8 23. Nc6 g6 24. Qh3 Kg7 25. Nxb8 Nxb8 26. Rab1 Qxh3 27. Bxh3 Nbd7 28. f5 g5 29. Bg2 Re2 30. a4 Ra2 31. Ra1 Rc2 32. a5 Rxc4 33.
axb6 Nxb6 34. Rxa6 Nbd7 35. Bc6 Ne5 36. d7 Nfxd7 37.
Bxd7 1-0

[Event "*** Titled Tuesday Blitz"]
[Site "Chess.com"]
[Date "2020.12.01"]
[Round "6"]
[White "PSvidler"]
[Black "Buffy7"]
[Result "1/2-1/2"]
[WhiteElo "2863"]
[BlackElo "2694"]
[TimeControl "180+1"]
[EndTime "11:03:13 PST"]
[Termination "Game drawn by repetition"]

1. e4 c6 2. Nf3 d5 3. d3 Qc7 4. Nc3 dxe4 5. Nxe4 Nf6 6. Qe2 Nxe4 7. Qxe4 Nd7 8. Bf4 Qb6 9. O-O-O Nf6 10. Qe1 Bg4 11. Be2 Bxf3 12. Bxf3 e6 13. d4 Be7 14. c3 O-O 15.
Kb1 a5 16. Ka1 a4 17. a3 Qb3 18. Rd2 Nd5 19. Be5 Nb6 20. Bd1 Qd5 21. Bf3 Qb3 22. Bd1 Qd5 23. Bf3 Qb3 1/2-1/2

[Event "*** Titled Tuesday Blitz"]
[Site "Chess.com"]
[Date "2020.12.01"]
[Round "6"]
[White "lucachess49"]
[Black "scarabee43"]
[Result "0-1"]
[WhiteElo "2359"]
[BlackElo "2570"]
[TimeControl "180+1"]
[EndTime "11:03:15 PST"]
[Termination "scarabee43 won by resignation"]

1. d4 Nf6 2. c4 e6 3. Nc3 Bb4 4.
e3 d5 5. Ne2 O-O 6. a3 Be7 7.
Nf4 dxc4 8. Bxc4 c5 9. dxc5 Bxc5 10. b4 Be7 11. Bb2 a6 12. g4 b5 13. Bd3 Bb7 14.
Rg1 Nfd7 15. Ne4 Nc6 16. Bc2 Nde5 17. Bxe5 Nxe5 18. g5 Qxd1+ 19. Kxd1 Rfd8+ 20. Ke2 Rac8 21. Rac1 Rxc2+ 22. Rxc2 Bxe4 23. Rc7 Bf3+ 24. Ke1 0-1

[Event "*** Titled Tuesday Blitz"]
[Site "Chess.com"]
[Date "2020.12.01"]
[Round "6"]
[White "TheCavemanChesss"]
[Black "fyall777"]
[Result "0-1"]
[WhiteElo "2467"]
[BlackElo "2298"]
[TimeControl "180+1"]
[EndTime "11:03:18 PST"]
[Termination "fyall777 won by resignation"]

1. e4 e5 2. Nf3 Nf6 3. d4 exd4 4. e5 Ne4 5. Qxd4 Nc5 6. Nc3 Nc6 7. Qf4 Ne6 8. Qe4 d6 9. Bb5 Bd7 10. O-O a6 11. Bc4 dxe5 12. Nxe5 Nxe5 13. Qxe5 Bd6 14. Qe4 O-O 15. Be3 Re8 16. Rad1 Qf6 17. h4 b5 18.
Bd3 Nf8 19. Bg5 Rxe4 20. Bxe4 Qe5 21. f4 Qc5+ 22. Kh1 Re8 23. Rfe1 h6 0-1

[Event "*** Titled Tuesday Blitz"]
[Site "Chess.com"]
[Date "2020.12.01"]
[Round "6"]
[White "Omk124"]
[Black "woodhy"]
[Result "0-1"]
[WhiteElo "2323"]
[BlackElo "2457"]
[TimeControl "180+1"]
[EndTime "11:03:19 PST"]
[Termination "woodhy won by resignation"]

1. e4 e6 2. d4 d5 3. Nd2 c5 4. exd5 exd5 5. Ngf3 Nc6 6. Bb5 Bd6 7. dxc5 Bxc5 8. Kf1 Ne7 9. Nb3 Bd6 10. g3 Bh3+ 11. Kg1 Qb6 12. Bd3 a5 13. Be3 Qc7 14. Ng5 Be6 15.
Nxe6 fxe6 16. Qh5+ g6 17. Qg4 Nf5 18. Nd4 Ncxd4 19. Bxd4 O-O 20. Bxf5 Rxf5 21. c3 Raf8 22. Kg2 e5 23. Be3 Qc6 24. Bh6 Rxf2+ 25. Kh3 R8f5 26.
Bg5 h5 27. Qh4 Qd7 28. g4 R5f3+ 0-1

[Event "*** Titled Tuesday Blitz"]
[Site "Chess.com"]
[Date "2020.12.01"]
[Round "6"]
[White "Oglob71"]
[Black "GMJustin"]
[Result "1-0"]
[WhiteElo "2436"]
[BlackElo "2303"]
[TimeControl "180+1"]
[EndTime "11:03:19 PST"]
[Termination "Oglob71 won on time"]

1. d4 d5 2. Nf3 Nf6 3. c4 c6 4.
Qc2 dxc4 5. e4 b5 6. b3 cxb3 7. axb3 e6 8. Bd2 a5 9. Bd3 Be7 10. O-O Bb7 11. Rc1 h6 12. Nc3 O-O 13. e5 Nd5 14. Nxd5 exd5 15. e6 Bf6 16. Re1 fxe6 17.
Rxe6 Nd7 18. Rae1 Kh8 19. Ne5 Bxe5 20. dxe5 Re8 21. Rd6 Qe7 22. Bxh6 Nxe5 23. Rg6 Nf3+ 24. gxf3 Qxe1+ 25. Kg2 gxh6 26. Rxh6+ Kg7 27. Rh7+ Kf6 28. Rh6+ Ke7 29. Qc5+ Kd8 30. Qd6+ Kc8 31. Bf5+ 1-0

[Event "*** Titled Tuesday Blitz"]
[Site "Chess.com"]
[Date "2020.12.01"]
[Round "6"]
[White "DrMamaliga"]
[Black "Neftegor"]
[Result "0-1"]
[WhiteElo "2343"]
[BlackElo "2515"]
[TimeControl "180+1"]
[EndTime "11:03:20 PST"]
[Termination "Neftegor won by resignation"]

1. c4 e5 2. Nc3 Bb4 3. Qb3 Nc6 4. Nd5 a5 5. Qg3 Bf8 6. e3 d6 7. Nf3 Nf6 8. Be2 Nxd5 9. cxd5 Nb4 10. O-O Nxd5 11. d4 e4 12. Nd2 Nf6 13. f3 exf3 14. Bxf3 g6 15. e4 Bg7 16. e5 dxe5 17. dxe5 Nd5 18.
Ne4 h6 19. Rd1 Be6 20. Nc3 c6 21. Nxd5 cxd5 22. Be3 O-O 23. Rac1 Qd7 24. Bc5 Rfc8 25. Bd6 Qb5 26. Qf2 Rc4 27. b3 Rc6 28. Qd4 Rac8 29. Rxc6 bxc6 30. Rc1 Rd8 31. Rc5 Qb7 32. Rxa5 Rxd6 33.
Ra7 Qb8 34. Qa4 Rd8 0-1

[Event "*** Titled Tuesday Blitz"]
[Site "Chess.com"]
[Date "2020.12.01"]
[Round "6"]
[White "KonstantinB_1983"]
[Black "enriquebutti"]
[Result "0-1"]
[WhiteElo "2507"]
[BlackElo "2083"]
[TimeControl "180+1"]
[EndTime "11:03:22 PST"]
[Termination "enriquebutti won by resignation"]

1. d4 Nf6 2. c4 e6 3. Nf3 b6 4. g3 Ba6 5. Qc2 c5 6. d5 exd5 7. cxd5 d6 8. Nc3 b5 9. e4 Qb6 10. a4 b4 11. a5 Qb7 12. Bxa6 Qxa6 13. Ne2 Nbd7 14. O-O g6 15. b3 Bg7 16. Bb2 O-O 17. Nf4 Rfe8 18. Nd2 Ng4 19. Bxg7 Kxg7 20. Qb2+ Kg8 21. Rfe1 Nge5 22. Qc2 Rac8 23. Rec1 g5 24. Nh3 Qe2 25. Rd1 Nf3+ 26. Nxf3 Qxc2 0-1

[Event "*** Titled Tuesday Blitz"]
[Site "Chess.com"]
[Date "2020.12.01"]
[Round "6"]
[White "Eliwood44"]
[Black "XDPS"]
[Result "0-1"]
[WhiteElo "2476"]
[BlackElo "2770"]
[TimeControl "180+1"]
[EndTime "11:03:23 PST"]
[Termination "XDPS won by resignation"]

1. d4 d5 2. c4 e6 3. Nc3 Nf6 4. cxd5 exd5 5. Bg5 c6 6. e3 h6 7. Bh4 Bd6 8. Nf3 O-O 9. Bd3 Re8 10. Qc2 Be6 11.
h3 Nbd7 12. g4 b5 13. g5 hxg5 14. Bxg5 a5 15. Rg1 a4 16. Bh6 Bf8 17. Ne5 Nxe5 18. dxe5 Nd7 19. f4 Qh4+ 20. Qf2 Qxh6 21. O-O-O Nc5 22. Bc2 b4 23. Ne2 b3 24. Bb1 bxa2 25.
Bxa2 Nb3+ 26. Bxb3 axb3 27. Nd4 c5 28. Nxb3 d4 29.
Nd2 Ra1+ 30. Kc2 dxe3 31. Qxe3 Bf5+ 32. Kc3 Qb6 0-1

[Event "*** Titled Tuesday Blitz"]
[Site "Chess.com"]
[Date "2020.12.01"]
[Round "6"]
[White "mjray79"]
[Black "Sueetin"]
[Result "1-0"]
[WhiteElo "2439"]
[BlackElo "2255"]
[TimeControl "180+1"]
[EndTime "11:03:23 PST"]
[Termination "mjray79 won by resignation"]

1. d4 Nf6 2. c4 e6 3. g3 d5 4.
Bg2 Bb4+ 5. Bd2 Be7 6. Nf3 O-O 7. O-O Nbd7 8. Qc2 c6 9. Bf4 Ne4 10. Nc3 Nd6 11. cxd5 exd5 12. e4 dxe4 13. Nxe4 Nxe4 14. Qxe4 Nf6 15. Qe2 Nd5 16. Bd2 Bg4 17. Qd3 Bxf3 18. Bxf3 Bf6 19. Rac1 Qd7 20. Be4 g6 21. b4 Nc7 22.
Be3 Rfd8 23. a4 a6 24. Rfd1 Nd5 25. b5 axb5 26. axb5 Nxe3 27. bxc6 bxc6 28. Bxc6 Nxd1 29. Bxd7 Nxf2 30. Qf3 Bxd4 31. Kf1 Ra2 32. Bc6 f5 33. Bd5+ Kg7 34. Bxa2 1-0

[Event "*** Titled Tuesday Blitz"]
[Site "Chess.com"]
[Date "2020.12.01"]
[Round "6"]
[White "Logman74"]
[Black "Anna_ChessMate"]
[Result "0-1"]
[WhiteElo "2367"]
[BlackElo "2570"]
[TimeControl "180+1"]
[EndTime "11:03:24 PST"]
[Termination "Anna_ChessMate won on time"]

1. e4 c6 2. d4 d5 3. exd5 cxd5 4. c4 Nf6 5. Nc3 Nc6 6. Bg5 Be6 7. Nf3 g6 8. Bxf6 exf6 9. c5 Bg7 10. Bb5 O-O 11. O-O Ne7 12. Re1 g5 13. b4 g4 14. Nd2 f5 15. Ne2 Ng6 16. Nf1 f4 17. g3 f3 18. Nc3 Qf6 19. Ne3 Rad8 20. Bd3 Qxd4 21. Bxg6 Qxc3 22. Bf5 d4 23. Rc1 dxe3 0-1

[Event "*** Titled Tuesday Blitz"]
[Site "Chess.com"]
[Date "2020.12.01"]
[Round "6"]
[White "aleksey1203borisovi4"]
[Black "MillyNeuf"]
[Result "1-0"]
[WhiteElo "2467"]
[BlackElo "2323"]
[TimeControl "180+1"]
[EndTime "11:03:24 PST"]
[Termination "aleksey1203borisovi4 won by resignation"]

1. g3 d5 2. Bg2 Nf6 3. d3 c5 4. Nc3 Nc6 5. Bg5 e6 6. e4 d4 7. Nce2 Be7 8. Nf3 h6 9. Bd2 e5 10. O-O O-O 11. h3 Be6 12. Nh2 Nd7 13. f4 f5 14.
fxe5 Ndxe5 15. Nf4 Bd7 16. exf5 Bxf5 17. Qe2 Bd6 18.
Nf3 Nxf3+ 19. Qxf3 Bh7 20. Rae1 Qd7 21. Qd5+ Kh8 22.
Re6 Rad8 23. a3 Bg8 24. Ng6+ Kh7 25. Nxf8+ Bxf8 26. Qxd7 Rxd7 27. Be4+ Kh8 28. Rxf8 1-0

[Event "*** Titled Tuesday Blitz"]
[Site "Chess.com"]
[Date "2020.12.01"]
[Round "6"]
[White "DinaBelenkaya"]
[Black "OlifantCZ"]
[Result "0-1"]
[WhiteElo "2383"]
[BlackElo "2241"]
[TimeControl "180+1"]
[EndTime "11:03:24 PST"]
[Termination "OlifantCZ won by resignation"]

1. e4 e6 2. Qe2 c5 3. g3 Nc6 4. Bg2 Nf6 5. Nf3 d6 6. c3 Be7 7. d4 cxd4 8. cxd4 d5 9. e5 Ne4 10. O-O O-O 11. Be3 Qa5 12. Nbd2 Nxd2 13. Bxd2 Qb6 14.
Be3 Bd7 15. Rad1 Rac8 16. h4 Nb4 17. a3 Bb5 18. Qe1 Bxf1 19. Bxf1 Nc2 20. Qd2 Nxe3 21. Qxe3 Qxb2 22. Bd3 Rc3 23. Ng5 Bxg5 24. hxg5 Qxa3 25.
Kg2 Rfc8 26. Qf3 Rxd3 27. Rxd3 Qa4 28. Qh5 Qc4 29. Rf3 Rc7 30. Rf4 a5 31. Rh4 Qd3 32. g6 fxg6 33. Qe2 Qxe2 0-1

[Event "*** Titled Tuesday Blitz"]
[Site "Chess.com"]
[Date "2020.12.01"]
[Round "6"]
[White "Rainmond"]
[Black "shnitez"]
[Result "1-0"]
[WhiteElo "2802"]
[BlackElo "2578"]
[TimeControl "180+1"]
[EndTime "11:03:26 PST"]
[Termination "Rainmond won by checkmate"]

1. Nf3 Nf6 2. b4 d5 3. e3 Bf5 4.
c4 e6 5. Qb3 h6 6. Bb2 Be7 7.
Nc3 O-O 8. Rc1 c6 9. Be2 Nbd7 10. O-O a5 11. a3 Ne4 12. d4 axb4 13. axb4 dxc4 14.
Bxc4 Qb6 15. Nxe4 Bxe4 16. Bxe6 Bxf3 17. Bxd7 Bd5 18. Qc2 Ra2 19. Qb1 Qxb4 20. Bc3 Qxb1 21. Rxb1 b5 22. e4 Bxe4 23. Rbe1 Rd8 24. Bh3 Bd3 25.
Rxe7 Bxf1 26. Kxf1 Rc2 27. Re3 Ra8 28. Bf5 Rc1+ 29.
Ke2 Ra3 30. Re8# 1-0

[Event "*** Titled Tuesday Blitz"]
[Site "Chess.com"]
[Date "2020.12.01"]
[Round "6"]
[White "Rytenko_V"]
[Black "Blitzstream"]
[Result "0-1"]
[WhiteElo "2535"]
[BlackElo "2768"]
[TimeControl "180+1"]
[EndTime "11:03:26 PST"]
[Termination "Blitzstream won by resignation"]

1. e4 d5 2. exd5 Qxd5 3. d3 Nc6 4. Nc3 Qd6 5. Nf3 Bg4 6. h3 Bh5 7. g4 Bg6 8. Bg2 Nf6 9. Qe2 O-O-O 10. Be3 e6 11.
O-O-O Nd5 12. Nxd5 exd5 13. Nd4 Nxd4 14. Bxd4 Be7 15. Kb1 Rhe8 16. Qd2 Bf6 17. Bxf6 Qxf6 18. f4 h6 19. f5 Bh7 20. Qa5 Qb6 21. Qxb6 axb6 22.
Rde1 c6 23. Kc1 f6 24. Kd2 Bg8 25. Rxe8 Rxe8 26. d4 Kc7 27. Re1 Rxe1 28. Kxe1 Kd6 29.
Kd2 c5 30. Ke3 Bf7 31. Bf1 Be8 32. Bd3 Bc6 33. c3 Bd7 34. Kf4 Be8 35. Bc2 Bb5 36. Bb3 Bf1 37. h4 Bd3 38. Ba4 Bc4 39. Bb3 Bxb3 40.
axb3 cxd4 41. cxd4 Kc6 42. g5 h5 43. Ke3 Kb5 44. Kd3 Kb4 45. Kd2 Kxb3 0-1

[Event "*** Titled Tuesday Blitz"]
[Site "Chess.com"]
[Date "2020.12.01"]
[Round "6"]
[White "klimkoj"]
[Black "Region_07"]
[Result "0-1"]
[WhiteElo "2620"]
[BlackElo "2473"]
[TimeControl "180+1"]
[EndTime "11:03:30 PST"]
[Termination "Region_07 won by resignation"]

1. e4 Nc6 2. Nf3 f5 3. exf5 d5 4. d4 Bxf5 5. Bb5 Nf6 6. Ne5 Qd6 7. c3 Nd7 8. Bf4 Ndxe5 9. Bxe5 Qg6 10. O-O O-O-O 11.
Nd2 Nxe5 12. dxe5 e6 13. Nf3 Be4 14. Ne1 Bc5 15. Bd3 Rhf8 16. Qe2 Rxf2 17. Rxf2 Rf8 18. Bxe4 dxe4 19. Kf1 Rxf2+ 20. Qxf2 Bxf2 21. Kxf2 Qf5+ 22. Ke3 Qxe5 23. g3 Qd5 24. b3 Qc5+ 25. Kxe4 Qxc3 26. Rd1 b5 27. Nd3 Qc2 28. Rf1 Qe2+ 0-1

[Event "*** Titled Tuesday Blitz"]
[Site "Chess.com"]
[Date "2020.12.01"]
[Round "6"]
[White "arminmusovic"]
[Black "Bodnar_Mykola"]
[Result "0-1"]
[WhiteElo "2519"]
[BlackElo "2388"]
[TimeControl "180+1"]
[EndTime "11:03:30 PST"]
[Termination "Bodnar_Mykola won by resignation"]

1. a3 e5 2. Nc3 Nc6 3. e4 g6 4.
Nf3 Bg7 5. Bc4 Nge7 6. Ba2 O-O 7. d3 d6 8. h3 h6 9. O-O Kh7 10. Nh2 f5 11. f3 f4 12. Ne2 g5 13. c3 h5 14. d4 Ng6 15. Bd2 exd4 16. cxd4 Nxd4 17.
Bc3 Nxe2+ 18. Qxe2 Bxc3 19. bxc3 Ne5 20. Rab1 b6 21.
Rfd1 Qf6 22. Bd5 Rb8 23. Qb5 a5 24. Rb2 Bd7 25. Qf1 Rbe8 26. Kh1 Re7 27. Rbd2 Rg7 28. Qa6 g4 29. Qa7 gxf3 30. Qxc7 Bxh3 31. Qxg7+ Qxg7 32.
gxh3 Rf6 33. Ba2 Rg6 34. Bb1 Rg2 35. Nxf3 Rxd2 36. Nxd2 Qg3 37. h4 Qxh4+ 38. Kg2 Qg4+ 39. Kf1 Qxd1+ 40. Kf2 Qxd2+ 41. Kg1 Qc1+ 42. Kh2 Qxb1 43. Kh3 Qxe4 44. Kh4 0-1